 Dungeon Crawl Stone Soup version 0.16.1-11-g651b585 (webtiles) character file.

587 void0 the Shield-Bearer (level 7, -2/61 HPs)
             Began as a Minotaur Fighter on Apr 6, 2015.
             Killed from afar by Galdon's ghost (14 damage)
             ... with a puff of flame
             ... on level 5 of the Dungeon.
             The game lasted 00:39:02 (3581 turns).

void0 the Shield-Bearer (Minotaur Fighter)          Turns: 3581, Time: 00:39:07

Health: -2/61      AC: 11    Str: 27    XL:     7   Next: 15%
Magic:  3/3        EV:  8    Int:  5    God:
Gold:   216        SH: 11    Dex: 17    Spells: 0 memorised, 6 levels left

rFire  . . .     SeeInvis .     a - +0 long sword
rCold  . . .     Clarity  .     v - +0 chain mail
rNeg   . . .     SustAb   .     c - +0 shield
rPois  .         Gourm    .     (helmet restricted)
rElec  .         Spirit   .     (no cloak)
rCorr  .         Warding  .     (no gloves)
rMut   .         Stasis   .     q - +0 pair of boots
MR     .....                    (no amulet)
Stlth  ..........               z - +3 ring of dexterity
                                k - +4 ring of dexterity

@: mighty, lethally poisoned (-2 -> -19), not resistant to hostile enchantments,
extremely unstealthy
A: retaliatory headbutt, horns 2
a: no special abilities


You were on level 5 of the Dungeon.
You were not hungry.

You visited 1 branch of the dungeon, and saw 4 of its levels.

You collected 216 gold pieces.

Inventory:

Hand weapons
 a - a +0 long sword (weapon)
 j - a +0 hunting sling
 l - a +1 scythe of protection
 u - a +0 great sword
Missiles
 i - 66 stones (quivered)
Armour
 c - a +0 shield (worn)
 q - a +0 pair of boots (worn)
 v - a +0 chain mail (worn)
Jewellery
 k - a +4 ring of dexterity (left hand)
 z - a +3 ring of dexterity (right hand)
Scrolls
 b - a scroll of immolation {unknown}
 f - a scroll of random uselessness {unknown}
 m - 2 scrolls of amnesia
 p - a scroll of teleportation {unknown}
 r - a scroll of remove curse {unknown}
 t - a scroll of magic mapping
 y - a scroll of enchant armour {unknown}
 C - a scroll of recharging {unknown}
Potions
 d - a potion of heal wounds
 g - 2 potions of ambrosia
 s - 2 potions of curing
 w - 2 potions of haste {unknown}
Books
 h - a book of Geomancy

   Spells                             Type                      Level
   a - Sandblast                      Earth                        1
   b - Stoneskin                      Transmutation/Earth          2
   c - Passwall                       Transmutation/Earth          3
   d - Stone Arrow                    Conjuration/Earth            3
   e - Petrify                        Transmutation/Earth          4
   f - Lee's Rapid Deconstruction     Earth                        5
Comestibles
 n - a beef jerky
 o - a bread ration
 x - a slice of pizza
 A - 4 fruits
 B - a meat ration


   Skills:
 + Level 5.3 Fighting
 + Level 4.2 Long Blades
 + Level 5.9 Armour
 + Level 2.1 Dodging
 + Level 0.8 Stealth
 + Level 6.0 Shields


You had 6 spell levels left.
You didn't know any spells.

Dungeon Overview and Level Annotations

Branches:
Dungeon (5/15)
 Temple: D:4-7

Altars:
Gozag

Annotations:
D:5 Galdon's ghost, experienced GrFE


Innate Abilities, Weirdness & Mutations

You reflexively headbutt those who attack you in melee.
You have a pair of horns on your head.


Message History

You block Galdon's ghost's attack.
You barely miss Galdon's ghost. You headbutt Galdon's ghost!
Galdon's ghost is heavily damaged.
* * * LOW HITPOINT WARNING * * *
You feel very sick. You block Galdon's ghost's attack.
You are too injured to fight recklessly!
Your chain mail prevents you from hitting Galdon's ghost.
Galdon's ghost is heavily damaged.
* * * LOW HITPOINT WARNING * * *
You feel sick. Galdon's ghost hits you.
* * * LOW HITPOINT WARNING * * *
You hit Galdon's ghost but do no damage.
Your headbutt misses Galdon's ghost.
Galdon's ghost is heavily damaged.
* * * LOW HITPOINT WARNING * * *
You feel sick.
Galdon's ghost gestures at you while chanting.
The puff of flame hits you!
You die...

#..# ##..##
#... #..#
##..## #...
#..# ##.W##
##... # #..#
##..## #....
# #..# #(..#
#.... ####..#
##..## #.....
(##...#
##.(##
#...###
......#
##..W# #..##
......#
#...@# ...
...####
##....# ####
#.....##
##.....#
##....## #
###...## ..
###########
##...### #...
..........##
###...###...(
...........##
#.........#


You could see Galdon's ghost.

Vanquished Creatures
  An ice beast (D:5)
  An ogre (D:5)
  Sigmund (D:2)
  An orc priest (D:5)
  A giant frog zombie (D:5)
  An orc wizard (D:5)
  2 worker ants (D:5)
  Jessica (D:2)
  A hound zombie (D:5)
  5 adders
  2 giant mites
  4 worms
  2 giant geckos
  An ooze (D:5)
  9 orcs
  A giant cockroach (D:1)
  8 hobgoblins
  8 kobolds
  A quokka (D:3)
  4 bats
  4 giant newts
  11 goblins
  7 rats
77 creatures vanquished.

Notes
Turn   | Place    | Note
--------------------------------------------------------------
     0 | D:1      | void0, the Minotaur Fighter, began the quest for the Orb.
     0 | D:1      | Reached XP level 1. HP: 19/19 MP: 1/1
   288 | D:1      | Reached XP level 2. HP: 27/27 MP: 1/1
   607 | D:1      | Reached skill level 4 in Armour
   786 | D:2      | Reached XP level 3. HP: 22/33 MP: 2/2
  1197 | D:2      | Reached XP level 4. HP: 40/40 MP: 2/2
  1206 | D:2      | Noticed Sigmund
  1310 | D:2      | Killed Sigmund
  1310 | D:2      | Reached skill level 5 in Shields
  1310 | D:2      | Reached XP level 5. HP: 27/46 MP: 2/2
  1447 | D:2      | Noticed Jessica
  1452 | D:2      | Killed Jessica
  1452 | D:2      | Reached skill level 5 in Armour
  1513 | D:2      | Reached skill level 1 in Dodging
  1533 | D:2      | You fall through a shaft!
  2682 | D:3      | You fall through a shaft!
  2682 | D:5      | Entered Level 5 of the Dungeon
  2696 | D:5      | Reached XP level 6. HP: 19/53 MP: 3/3
  2930 | D:5      | Found an opulent altar of Gozag.
  2985 | D:5      | Noticed an ice beast
  2994 | D:5      | Killed an ice beast
  2994 | D:5      | Reached skill level 5 in Fighting
  3116 | D:5      | Noticed an ogre
  3126 | D:5      | Killed an ogre
  3126 | D:5      | Reached skill level 6 in Shields
  3126 | D:5      | Reached XP level 7. HP: 23/61 MP: 3/3
  3548 | D:5      | Noticed Galdon's ghost (experienced GrFE)
  3581 | D:5      | Killed from afar by Galdon's ghost

Action                   |  1- 3 |  4- 6 |  7- 9 || total
-------------------------+-------+-------+-------++-------
Melee: Long sword        |   110 |   113 |    21 ||   244
Throw: Stone             |       |     7 |     2 ||     9
  Use: Scroll            |     1 |     3 |     1 ||     5
       Potion            |       |       |     3 ||     3
  Eat: Bread ration      |     1 |       |       ||     1
       Meat ration       |       |     1 |       ||     1
